 Dungeon Crawl Stone Soup version 0.29-a0-319-gad05b8d819 (webtiles) character file.

Game seed: 17500410329529162258

30 Morbidden the Conjurer (level 2, -1/22 HPs)
             Began as a Demigod Conjurer on Apr 1, 2022.
             Slain by a gnoll
             ... wielding a +0 whip
              (7 damage)
             ... on level 2 of the Dungeon on Apr 2, 2022.
             The game lasted 00:01:24 (1147 turns).

Morbidden the Conjurer (Demigod Conjurer)           Turns: 1147, Time: 00:01:24

Health: -1/22      AC:  2    Str:  8    XL:     2   Next: 84%
Magic:  2/7        EV: 12    Int: 20    God:
Gold:   66         SH:  0    Dex: 12    Spells: 2/5 levels left

rFire   . . .      SeeInvis .   (no weapon)
rCold   . . .      Faith    .   (no shield)
rNeg    . . .      Spirit   .   a - +0 robe
rPois   .          Reflect  .   (no helmet)
rElec   .          Harm     .   (no cloak)
rCorr   .          Rampage  .   (no gloves)
Will    .....                   (no boots)
Stlth   ++........              (no amulet)
HPRegen 0.07/turn               (no ring)
MPRegen 0.10/turn               (no ring)

@: no status effects
A: high MP 1, forlorn, divine attributes
a: no special abilities


You were on level 2 of the Dungeon.
You visited 1 branch of the dungeon, and saw 2 of its levels.

You collected 66 gold pieces.

Inventory:

Armour
 a - a +0 robe (worn)
Scrolls
 c - a scroll of fog {unknown}
 d - 2 scrolls of teleportation {unknown}
 e - 2 scrolls of enchant weapon {unknown}
 f - a scroll of magic mapping {unknown}
 g - a scroll of blinking {unknown}
 h - a scroll of identify {unknown}
Potions
 b - a potion of magic


   Skills:
 * Level 0.3 Fighting
 * Level 2.0 Dodging
 + Level 1.9 Stealth
 * Level 2.0 Spellcasting
 * Level 4.1 Conjurations


You had 2 spell levels left.
You knew the following spells:

 Your Spells              Type           Power      Damage    Failure   Level
a - Magic Dart            Conj           72%        1d6       2%          1
b - Searing Ray           Conj           36%        2d5       4%          2

Your spell library contained the following spells:

 Spells                   Type           Power      Damage    Failure   Level
 Dazzling Flash           Conj/Hex       20%        N/A       21%         3
 Mephitic Cloud           Conj/Pois/Air  7%         N/A       26%         3
 Ignite Poison            Fire/Tmut/Pois 2%         N/A       43%         3
 Fulminant Prism          Conj/Hex       5%         3d7       54%         4
 Iskenderun's Mystic Bla  Conj/Tloc      10%        2d4       54%         4
 Freezing Cloud           Conj/Ice/Air   3%         6-21      94%         5


Dungeon Overview and Level Annotations

Branches:
Dungeon (2/15)


Innate Abilities, Weirdness & Mutations

You have an increased reservoir of magic. (+10% MP)
You shall have no god before yourself.
Your divine heritage dramatically boosts your attributes as you level up.


Message History

Casting: Magic Dart (safe; 2% risk of failure)
Confirm with . or Enter, or press ? or * to list all spells.
You don't have enough magic to cast this spell.
Unknown command.
Casting: Magic Dart (safe; 2% risk of failure)
Confirm with . or Enter, or press ? or * to list all spells.
You don't have enough magic to cast this spell.
Casting: Magic Dart (safe; 2% risk of failure)
Confirm with . or Enter, or press ? or * to list all spells.
You don't have enough magic to cast this spell.
Casting: Magic Dart (safe; 2% risk of failure)
Confirm with . or Enter, or press ? or * to list all spells.
You don't have enough magic to cast this spell.
Unknown command.
The gnoll attacks as you move away! The gnoll hits you with a +0 whip.
The gnoll attacks as you move away! The gnoll barely misses you.
The gnoll attacks as you move away! The gnoll hits you with a +0 whip.
The gnoll attacks as you move away! The gnoll barely misses you.
The gnoll attacks as you move away! The gnoll hits you with a +0 whip.
Unknown command.
The gnoll attacks as you move away! The gnoll hits you with a +0 whip.
* * * LOW HITPOINT WARNING * * *
The gnoll attacks as you move away! The gnoll misses you.
Unknown command.
Casting: Magic Dart (safe; 2% risk of failure)
Confirm with . or Enter, or press ? or * to list all spells.
You don't know that spell.
Unknown command.
Casting: Magic Dart (safe; 2% risk of failure)
Confirm with . or Enter, or press ? or * to list all spells.
Aiming: Searing Ray (safe; 4% risk of failure)
Press: ? - help, Shift-Dir - straight line, f - goblin, p - gnoll
Aim: a goblin, wielding a +0 dagger (72% to hit)
The searing ray hits the gnoll.
The gnoll is severely wounded.
The searing ray hits the goblin!
You kill the goblin! (Press . to maintain the ray.)
The gnoll hits you with a +0 whip!
You die...

###.g...##.# ......#.#..#
.######†...# #### .#
#..<...# ..... g# #.##...##
..... .####.##....# #.....
...#..##.##.## ..... .
##..........)#####.# .# #.#
##..##..##....g@..##.#...#
#.###.###...#...##.......
...##..#.......#.##.......
..###.....####.##..........
.. ........###.##..#.......
. #...####...........#.....
. .... ####.........>....
##.#(....#.....
...#.....#.....


You could see a gnoll.

Vanquished Creatures
  2 dart slugs (D:1)
  A ball python (D:1)
  An endoplasm (D:2)
  5 giant cockroaches
  5 goblins
  A hobgoblin (D:1)
  2 quokkas (D:1)
  2 bats
  2 frilled lizards
  A kobold (D:1)
  2 rats (D:2)
24 creatures vanquished.

Notes
Turn   | Place    | Note
-------+----------+-------------------------------------------
     0 | D:1      | Morbidden the Demigod Conjurer began the quest for the Orb.
     0 | D:1      | Reached XP level 1. HP: 14/14 MP: 5/5
   123 | D:1      | Upgraded the game from 0.29-a0-317-gd16b76e6b1 to
                  | 0.29-a0-319-gad05b8d819
   383 | D:1      | Reached skill level 4 in Conjurations
   458 | D:1      | Reached XP level 2. HP: 20/20 MP: 5/7
   525 | D:1      | Learned a level 2 spell: Searing Ray
  1147 | D:2      | Slain by a gnoll

Illustrated notes

Levels and vault maps discovered:
D:1:      dpeg_arrival_rhombi, layout_loops_cross
D:2:      layout_rooms, shapermc_ecumenical_altar_hornbeckon

Skill      XL: |  1  2 |
---------------+-------+-----
Conjurations   | 4 |  4.1
Dodging        | 2 |  2.0
Spellcasting   | 2 |  2.0
Fighting       | |  0.3
Stealth        | |  1.9

Action                   || total
-------------------------++-------
 Cast: Magic Dart        ||    51
       Searing Ray       ||     1
Dodge: Dodged            ||     6

Table legend: (Time is in decaauts)
 A = Elapsed time spent in this place.
 B = Non-inter-level travel time spent in this place.
 C = Inter-level travel time spent in this place.
 D = Time resting spent in this place.
 E = Time spent auto-exploring this place.
 F = Levels seen in this place.
 G = Mean time per level.
                   A        B        C        D        E       F      G
               +--------+--------+--------+--------+--------+-----+--------+
         Total |   1146 |   1118 |     28 |     59 |    913 |   2 |  573.0 |
       Dungeon |   1146 |   1118 |     28 |     59 |    913 |   2 |  573.0 |
               +--------+--------+--------+--------+--------+-----+--------+

Top non-repeatable levels by time:
     D:1: 973 daAuts
     D:2: 173 daAuts
